Map: Post-Youth LE

Players

Zorthox

  • Race: Protoss Protoss
  • League: Gold
  • Spawn Location: 7:00

Hybridoasis - Winner!

  • Race: Terran Terran
  • Spawn Location: 1:00

VOD

Have the link to the VOD?

Description

Time

  • Played on: March 29, 2024, 6:50 p.m.
  • Length: 22:38
Show
View Real Time Build Order
Export as new Build Order

Zorthox Protoss 

Build Orders: Colossus Rush 

Get SALT Encoding   

  12  0:01  Probe  
  13  0:13  Probe  
  14  0:30  Pylon  
  14  0:31  Probe  
  15  0:48  Probe (Chrono Boost)  
  16  0:57  Gateway  
  16  1:01  Probe (Chrono Boost)  
  16  1:02  Assimilator  
  17  1:08  Probe (Chrono Boost)  
  18  1:15  Probe  
  19  1:27  Probe  
  20  1:39  Probe  
  21  1:41  Pylon  
  21  1:45  Gateway  
  21  1:51  Probe  
  21  1:53  Assimilator  
  22  2:03  Cybernetics Core, Probe  
  24  2:15  Probe  
  24  2:27  Probe  
  25  2:39  Probe  
  26  2:45  Nexus  
  26  2:52  Probe  
  26  2:54  Warp Gate  
  26  2:57  Robotics Facility, Stalker (Chrono Boost)  
  31  3:06  Stalker (Chrono Boost)  
  31  3:10  Pylon  
  31  3:19  Pylon  
  31  3:28  Sentry, Probe  
  31  3:30  Stalker  
  36  3:40  Probe  
  37  3:46  Immortal (Chrono Boost)  
  37  3:53  Probe  
  42  3:58  Probe  
  43  4:05  Probe  
  43  4:08  Stalker  
  46  4:10  Probe  
  47  4:30  Robotics Bay  
  47  4:33  Probe x2  
  47  4:37  Assimilator x2  
  49  4:45  Probe x2  
  51  4:49  Sentry  
  53  4:55  Observer  
  54  5:13  Probe x2  
  56  5:25  Probe x2  
  58  5:30  Pylon  
  58  5:38  Gateway  
  58  5:40  Gateway  
  58  5:41  Gateway x2  
  58  5:42  Colossus (Chrono Boost)  
  58  5:43  Gateway  
  58  5:47  Gateway  
  64  5:54  Sentry  
  64  5:55  Sentry  
  67  6:07  Extended Thermal Lance (Chrono Boost)  
  66  6:35  Stalker  
  66  6:36  Stalker  
  70  6:42  Pylon  
  70  6:44  Pylon  
  70  6:47  Pylon  
  70  6:48  Pylon  
  70  6:49  Pylon  
  70  6:52  Pylon  
  70  6:57  Colossus (Chrono Boost)  
  76  7:09  Stalker x2  
  76  7:10  Stalker x5  
  76  7:11  Stalker  
  92  7:34  Sentry  
  92  7:35  Sentry  
  92  7:37  Stalker x4  
  98  7:43  Pylon x2  
  104  7:44  Pylon  
  104  7:54  Warp Prism  
  106  8:07  Stalker x2  
  106  8:08  Stalker x4  
  118  9:04  Stalker x3  
  118  9:05  Stalker x5  
  134  9:46  Phoenix  
  132  9:55  Nexus  
  132  9:58  Pylon  
  132  9:59  Stalker  
  134  10:00  Pylon, Stalker x4  
  134  10:02  Pylon  
  75  10:46  Stalker x8  
  47  11:19  Stalker x6  
  47  11:46  Probe (Chrono Boost)  
  50  11:47  Probe x2 (Chrono Boost)  
  50  11:58  Probe (Chrono Boost)  
  53  12:04  Probe x2 (Chrono Boost)  
  53  12:06  Probe (Chrono Boost)  
  54  12:10  Probe x2 (Chrono Boost)  
  56  12:21  Stalker x6  
  69  12:22  Probe  
  69  12:23  Probe  
  70  12:33  Forge  
  70  12:34  Forge  
  70  12:49  Stalker  
  70  12:50  Stalker x3  
  78  12:58  Immortal (Chrono Boost)  
  82  13:09  Protoss Ground Armor Level 1 (Chrono Boost), Protoss Ground Weapons Level 1 (Chrono Boost)  
  82  13:23  Assimilator  
  82  13:24  Assimilator  
  82  13:31  Zealot  
  82  13:32  Zealot x5  
  82  13:33  Zealot  
  96  13:45  Immortal (Chrono Boost)  
  96  13:47  Twilight Council  
  100  13:57  Sentry  
  102  14:03  Probe x3  
  105  14:10  Zealot  
  105  14:11  Zealot x5  
  117  14:18  Charge (Chrono Boost)  
  117  14:31  Zealot x4  
  117  14:32  Zealot  
  127  15:09  Zealot x8  
  143  15:24  Protoss Ground Weapons Level 2 (Chrono Boost)  
  143  15:25  Protoss Ground Armor Level 2 (Chrono Boost)  
  143  15:36  Templar Archives  
  143  15:58  Nexus  
  143  15:59  Pylon  
  143  16:01  Zealot  
  143  16:02  Zealot, Pylon  
  143  16:03  Sentry x5  
  143  16:04  Sentry  
  138  17:24  Stalker x6  
  138  17:25  Stalker x2  
  75  18:20  Probe (Chrono Boost)  
  75  18:23  Probe (Chrono Boost)  
  75  18:24  Probe (Chrono Boost)  
  78  18:32  Probe (Chrono Boost)  
  81  18:36  Probe x2 (Chrono Boost)  
  81  18:37  Probe (Chrono Boost)  
  75  18:44  Probe  
  69  18:57  Pylon  
  69  18:59  Pylon  
  69  19:02  Pylon  
  69  19:14  Cybernetics Core  
  69  19:44  Nexus  
  69  19:46  Blink (Chrono Boost)  
  69  20:04  Robotics Facility  
  69  20:05  Assimilator  
  69  20:08  Assimilator  
  31  20:31  High Templar x2  
  31  20:32  High Templar x2  
  31  21:03  Probe (Chrono Boost)  
  34  21:09  Probe x2 (Chrono Boost)  
  34  21:13  Probe (Chrono Boost)  
  34  21:17  Probe x2 (Chrono Boost)  
  37  21:18  Probe (Chrono Boost)  
  38  21:28  Probe x2  
  38  21:29  Stargate  
  38  21:30  Probe  
  41  21:40  Probe x2  
  41  21:42  Probe  
  44  21:52  Probe x2  
  47  21:54  Probe  
  47  22:04  Probe x2, Stalker x2  
  47  22:06  Probe  
  54  22:11  Gateway  
  54  22:16  Gateway  
Show
View Real Time Build Order
Export as new Build Order

Hybridoasis Terran - Winner!

Build Orders:  

Get SALT Encoding   

  12  0:00  SCV  
  13  0:12  SCV  
  14  0:24  SCV  
  15  0:29  Supply Depot  
  15  0:34  Supply Depot  
  15  0:50  SCV  
  15  0:52  Barracks  
  16  1:03  SCV  
  17  1:08  Refinery  
  17  1:15  SCV  
  18  1:24  Supply Depot  
  18  1:27  SCV  
  19  1:39  SCV  
  20  1:40  Marine  
  21  1:49  Barracks  
  21  1:51  Orbital Command  
  21  1:58  Marine  
  22  2:17  SCV, Refinery  
  24  2:30  SCV  
  24  2:37  Barracks  
  24  2:42  SCV  
  25  2:46  Barracks Reactor  
  25  2:52  Barracks Tech Lab  
  25  3:01  Command Center, SCV  
  26  3:11  Marauder  
  28  3:13  Combat Shield  
  28  3:26  Barracks Tech Lab  
  28  3:32  Factory, Marauder  
  30  3:42  Marine x2  
  34  3:48  Marauder  
  34  3:54  Marauder  
  36  4:00  Marine x2  
  38  4:13  Marauder  
  38  4:14  Stimpack  
  38  4:16  Marauder  
  42  4:26  Marine x2  
  44  4:41  Engineering Bay  
  44  4:44  Marine x2  
  44  4:45  SCV  
  47  4:48  Factory Tech Lab  
  47  4:49  Concussive Shells  
  47  4:51  Marauder  
  47  4:52  Marauder  
  51  4:57  SCV  
  52  5:09  SCV  
  53  5:16  Missile Turret  
  53  5:22  Marine  
  54  5:36  Siege Tank, SCV, Marine  
  54  5:38  Missile Turret  
  54  5:41  Supply Depot  
  59  5:47  Terran Infantry Weapons Level 1  
  59  5:49  SCV  
  60  6:01  SCV  
  60  6:03  Supply Depot  
  61  6:06  Missile Turret  
  61  6:13  SCV  
  62  6:25  Supply Depot  
  62  6:27  Siege Tank  
  62  6:28  Missile Turret  
  65  6:48  Supply Depot, Starport  
  65  6:52  SCV  
  65  6:53  SCV  
  67  6:57  Refinery  
  67  6:58  Marauder  
  67  6:59  Marine x2, Marauder  
  73  7:05  SCV  
  74  7:10  Supply Depot  
  74  7:17  Marine x2  
  74  7:20  Marauder x2  
  80  7:26  Starport  
  80  7:28  Starport Tech Lab  
  80  7:30  Siege Tank  
  80  7:33  Supply Depot  
  80  7:34  SCV  
  80  7:35  Marine x2  
  86  7:42  Terran Infantry Armor Level 1  
  86  7:46  SCV  
  86  7:47  Sensor Tower  
  87  7:52  Marine  
  88  8:08  Missile Turret  
  88  8:26  Marine x2  
  90  8:29  Marauder x2, Engineering Bay  
  90  8:31  Medivac  
  96  8:34  Starport Reactor  
  96  8:38  Armory  
  96  8:43  Marine  
  96  8:44  Marine  
  98  8:50  Marauder x2  
  102  9:01  Marine x2, Medivac  
  106  9:09  Barracks  
  106  9:14  Medivac x2  
  110  9:19  Refinery  
  110  9:37  Command Center  
  110  9:56  Terran Vehicle And Ship Armor Level 1  
  110  10:02  Fusion Core  
  110  10:17  Marine x2  
  110  10:18  Viking  
  110  10:21  Viking  
  93  10:35  Marauder x2  
  85  10:41  Marine  
  85  10:42  Marine x2  
  73  10:56  Marauder  
  73  10:57  Marauder  
  75  10:59  Marine  
  75  11:00  Marine x2  
  67  11:17  Marauder, Marine x3  
  67  11:18  Marauder  
  62  11:35  Marine x3  
  62  11:39  Marauder x2  
  69  11:40  Supply Depot  
  69  11:53  Marine  
  69  11:54  Medivac x2  
  72  12:00  Marauder  
  72  12:01  Marauder  
  78  12:07  Supply Depot  
  78  12:10  SCV  
  79  12:22  SCV, Marauder x2  
  84  12:24  Medivac x2  
  84  12:29  Supply Depot  
  88  12:34  SCV  
  89  12:38  Barracks Tech Lab, Marine x2  
  89  12:42  Viking  
  89  12:43  Marauder x2  
  97  12:46  SCV  
  97  12:48  Orbital Command  
  98  12:52  Terran Infantry Weapons Level 2  
  98  12:56  Marine x2  
  100  12:58  SCV  
  100  13:04  Marauder  
  100  13:05  Marauder  
  105  13:06  Terran Infantry Armor Level 2  
  105  13:11  Viking, Refinery  
  107  13:14  Marine  
  107  13:15  Refinery  
  108  13:22  Sensor Tower  
  108  13:25  Supply Depot  
  108  13:26  Marauder x2  
  112  13:30  Viking x2  
  116  13:41  Viking  
  116  13:47  Marauder  
  116  13:48  Marauder  
  122  13:55  Terran Vehicle And Ship Armor Level 2  
  122  14:11  Viking  
  122  14:14  SCV  
  125  14:20  Missile Turret  
  125  14:26  SCV  
  126  14:38  SCV  
  126  14:41  Viking  
  126  14:42  Missile Turret  
  129  14:48  Marauder x3  
  135  15:05  Missile Turret  
  135  15:09  Marauder  
  135  15:10  Marauder x2  
  135  15:12  SCV  
  142  15:24  SCV  
  142  15:31  Marauder x3  
  148  15:49  Missile Turret  
  148  15:59  Terran Infantry Weapons Level 3  
  148  16:00  Terran Infantry Armor Level 3  
  148  16:08  Sensor Tower  
  148  16:10  Supply Depot  
  148  16:11  Terran Vehicle Weapons Level 1, Marauder x3  
  154  16:25  Marine x2  
  153  16:32  Supply Depot, Marauder x3  
  146  16:42  Marine  
  146  16:43  Marine  
  148  16:51  Viking x2  
  148  16:53  Marauder x3  
  158  16:55  Supply Depot  
  158  17:00  Marine  
  158  17:01  Marine  
  160  17:14  Siege Tank  
  160  17:15  Marauder  
  165  17:17  Marauder x2  
  165  17:18  Marine  
  165  17:19  Marine  
  165  17:21  Viking  
  173  17:30  Viking  
  173  17:36  Marine x2  
  174  17:45  Marine x3  
  174  17:51  Viking  
  161  18:00  Viking  
  157  18:48  Marine x2  
  137  19:05  Marine  
  137  19:06  Marine  
  139  19:23  Orbital Command, Marine  
  139  19:24  Marine  
  141  19:33  Terran Vehicle Weapons Level 2  
  141  19:36  Battlecruiser  
  147  19:41  Marine  
  147  19:42  Marine  
  143  21:06  Refinery  
  143  21:30  Marauder  
  143  21:31  Marauder x2  
  149  21:34  Siege Tank  
  152  21:43  Orbital Command  
  152  21:51  Marauder  
  152  21:52  Marauder x2  
  161  22:13  Marauder x3  
Tags
 
League
Gold
Matchup
PvT
Spawn Locations
Cross Positions
Add a new tag
Caveats
  • Supply blocks, unpowered buildings, or Contaminate may cause inaccurate times.
  • Supply counts are checked every 10 seconds.